 Dungeon Crawl Stone Soup version 0.20.1-1-g8b1a95d (webtiles) character file.

36257 Jazqa the Cleaver (level 13, -1/127 HPs)
             Began as a Deep Dwarf Fighter on Oct 31, 2017.
             Was a High Priest of Makhleb.
             Killed from afar by a fire dragon (31 damage)
             ... with a blast of flame
             ... on level 6 of the Lair of Beasts.
             The game lasted 00:33:33 (12695 turns).

Jazqa the Cleaver (Deep Dwarf Fighter)             Turns: 12695, Time: 00:33:34

Health: -1/127     AC: 14    Str: 27    XL:     13   Next: 52%
Magic:  16/16      EV: 12    Int: 10    God:    Makhleb [*****.]
Gold:   939        SH: 14    Dex: 16    Spells: 12/12 levels left

rFire    . . .     SeeInvis .   I - +3 war axe (freeze)
rCold    . . .     Gourm    .   t - +1 shield {reflect}
rNeg     . . .     Faith    .   b - +0 scale mail
rPois    .         Spirit   .   (no helmet)
rElec    .         Reflect  +   z - +0 cloak
rCorr    .         Harm     .   W - +1 pair of gloves
MR       +....                  q - +0 pair of boots
Stlth    ..........             (no amulet)
Regen    0.0/turn               X - +2 ring of dexterity
MPRegen  0.2/turn               S - +5 ring of strength

@: non-regenerating
A: damage resistance, heal wounds, sense surroundings 2, no regeneration
a: Heal Wounds, Minor Destruction, Lesser Servant of Makhleb, Major Destruction,
Greater Servant of Makhleb, Renounce Religion


You were on level 6 of the Lair of Beasts.
You worshipped Makhleb.
Makhleb was extremely pleased with you.
You were not hungry.

You visited 2 branches of the dungeon, and saw 16 of its levels.

You collected 939 gold pieces.


Innate Abilities, Weirdness & Mutations

You are resistant to damage.
You can heal yourself by infusing magical energy.
You passively map the area around you.
You do not regenerate.


   Skills:
 + Level 11.1 Fighting
 + Level 12.7 Axes
 + Level 10.5 Armour
 - Level 4.0 Dodging
 + Level 10.1 Shields
 + Level 12.7 Invocations
 + Level 4.2 Evocations


You had 12 spell levels left.
You didn't know any spells.

Inventory:

Hand Weapons
 I - a +3 war axe of freezing (weapon)
 P - a +0 morningstar
Armour
 b - a +0 scale mail (worn)
 q - a +0 pair of boots (worn)
 t - a +1 shield of reflection (worn)
 z - a +0 cloak (worn)
 W - a +1 pair of gloves (worn)
Jewellery
 F - an uncursed ring of fire
 N - an uncursed ring of positive energy
 S - a +5 ring of strength (right hand)
 X - a +2 ring of dexterity (left hand)
Wands
 w - a wand of lightning (8/15)
 J - a wand of flame (23/48)
 U - a wand of iceblast (3/15)
 Z - a wand of scattershot (8/9)
Scrolls
 a - 3 scrolls of enchant armour
 c - 2 scrolls of fog
 j - 3 scrolls of identify {@r1}
 l - 2 scrolls of fear
 r - 3 scrolls of remove curse {@r2}
 u - a scroll of vulnerability {unknown}
 C - 5 scrolls of teleportation {@r4}
 G - 4 scrolls of magic mapping
 K - a scroll of blinking
 R - 7 scrolls of amnesia
Potions
 d - a potion of might
 e - a potion of berserk rage {!q}
 g - 6 potions of curing {@q1}
 i - 2 potions of agility
 k - 3 potions of mutation {!q}
 m - a potion of haste {@q3}
 n - a potion of invisibility
 p - 3 potions of heal wounds {@q2}
 s - 2 potions of magic
 v - a potion of cancellation
 A - 3 potions of flight
 B - 3 potions of lignification {!q}
 V - a potion of ambrosia
Books
 y - a book of Debilitation

   Spells                             Type                      Level
   a - Corona                         Hexes                        1
   b - Slow                           Hexes                        2
   c - Inner Flame                    Hexes/Fire                   3
   d - Portal Projectile              Hexes/Translocation          3
   e - Cause Fear                     Hexes                        4
   f - Leda's Liquefaction            Hexes/Earth                  4
Miscellaneous
 D - a sack of spiders
 H - a fan of gales
Comestibles
 f - 7 bread rations {@e1}
 h - 8 meat rations {@e1}
 o - 16 royal jellies {@e3}
 x - 23 fruits {@e2}
 E - 2 chunks of flesh

Dungeon Overview and Level Annotations

Branches:
Dungeon (10/15)              Lair (6/6) D:9           Swamp (0/4) Lair:2
 Spider (0/4) Lair:4        Slime (0/5) Lair:5
 Temple: D:4-7          Orc: D:9-12

Altars:
Makhleb
Ru

Annotations:
Lair:5 exclusion: oklob plant

≈≈♣* , ♣♣P÷≈....♣♣
#.....##.....# ≈♣
♣♣♣..♣≈..♣♣#.P.P.####..#.
♣* ♣
♣♣♣♣≈≈≈.♣#.....)####.#. ,,
,♣.♣♣♣♣♣≈≈.♣#..P..........
,≈
,P≈..♣.♣≈≈≈♣#.#....##.....
≈≈ ≈
≈≈≈≈P..≈≈P♣#....#####÷##.
≈≈≈≈≈D≈.≈P(♣#....# #.####
, ≈ ≈≈≈≈≈.†...♣#...## ###
* ,≈ ≈≈≈≈≈≈≈.D@♣♣#### **
≈≈≈≈..≈♣♣♣ *♣♣♣♣♣♣♣


You could see a fire dragon and a swamp dragon.


Message History

A swamp dragon comes into view.
Unknown command.
Use which ability? (? or * to list)
Press: ? - help, Shift-Dir - straight line, f/p - fire dragon
Aim: a fire dragon (lightly wounded, covered in acid)
The stone arrow hits the fire dragon.
The fire dragon is lightly wounded.
You slash the fire dragon! You freeze the fire dragon.
The fire dragon is moderately wounded.
The fire dragon breathes flames at you. The blast of flame hits you!
* * * LOW HITPOINT WARNING * * *
You hear a roar!
Unknown command.
You slice the fire dragon!! You freeze the fire dragon!!
The fire dragon is almost dead.
You block the fire dragon's attack.
The fire dragon claws you but does no damage.
The fire dragon tramples you!
* * * LOW HITPOINT WARNING * * *
You stumble backwards!
Use which ability? (? or * to list)
You feel much better. The fire dragon closely misses you.
The fire dragon misses you. The fire dragon tramples you.
You hold your ground!
You barely miss the fire dragon.
The fire dragon is almost dead.
The fire dragon is no longer covered in acid.
The fire dragon breathes flames at you. The blast of flame hits you!
You die...

Skill      XL: |  1  2  3  4  5  6  7  8  9 10 11 12 13 |
---------------+----------------------------------------+-----
Fighting       | 3 4 5 6 7 8 9 10 11 | 11.1
Axes           | 3 4 5 6 7 8 9 10 11 12 | 12.7
Invocations    | 1 5 6 8 10 12 | 12.7
Dodging        | 3 4 |  4.0
Armour         | 5 6 8 9 10 | 10.5
Shields        | 5 6 8 9 10 | 10.1
Evocations     | 1 4 |  4.2

Action                   |  1- 3 |  4- 6 |  7- 9 | 10-12 | 13-15 || total
-------------------------+-------+-------+-------+-------+-------++-------
Melee: War axe           |   110 |    41 |    60 |   123 |   187 ||   521
       Hand axe          |       |   122 |   291 |   668 |       ||  1081
       Morningstar       |       |       |       |    13 |       ||    13
Invok: Minor Destruction |       |       |    46 |   126 |    13 ||   185
       Lesser Servant of |       |       |       |     4 |       ||     4
       Major Destruction |       |       |       |    13 |       ||    13
 Abil: Heal Wounds       |     1 |     3 |    11 |     6 |     2 ||    23
Evoke: Wand              |       |       |       |     3 |     3 ||     6
  Use: Scroll            |     3 |       |    14 |    13 |     4 ||    34
       Potion            |       |     1 |     7 |     8 |       ||    16
 Stab: Distracted        |       |       |       |     1 |       ||     1
  Eat: Chunk             |     2 |     6 |     9 |    18 |     4 ||    39
       Fruit             |       |       |       |     1 |       ||     1
Armor: Scale mail        |    57 |    68 |   139 |   210 |    47 ||   521
Dodge: Dodged            |    32 |    33 |    76 |   248 |    66 ||   455
Block: Shield            |    59 |    74 |   163 |   403 |   104 ||   803
       Reflection        |       |     2 |     3 |     3 |       ||     8

Vault maps used:
D:1:      dpeg_arrival_ratfight
D:2:      nicolae_ru_path_of_blood
D:3:      first_bread, makhleb_heckhound_becter, uniq_crazy_yiuf_cottage
D:5:      uniq_blork_the_orc
D:6:      minmay_klotski, minmay_temple_entry_hall, serial_shops,
          nicolae_shop_waterfront
D:7:      uniq_menkaure
D:9:      grunt_lair_entry_orc_guard_hut, hangedman_ranch
Lair:1:   infiniplex_staircase_pool_2
Lair:2:   minmay_swamp_entry_wisps
Lair:3:   grunt_megastairs_5
Lair:4:   dummy_spider_entry, grunt_megastairs_3, uniq_josephine
Lair:5:   minmay_slime_entry_oklob_enclosed, pf_torpor_hydra
Lair:6:   guppyfry_lair_end_dragon

Notes
Turn   | Place    | Note
-------+----------+-------------------------------------------
     0 | D:1      | Jazqa the Deep Dwarf Fighter began the quest for the Orb.
     0 | D:1      | Reached XP level 1. HP: 20/20 MP: 1/1
   289 | D:1      | Reached skill level 3 in Fighting
   289 | D:1      | Reached XP level 2. HP: 28/28 MP: 2/2
  1007 | D:2      | Found a sacrificial altar of Ru.
  1139 | D:2      | Reached skill level 3 in Axes
  1201 | D:2      | Reached XP level 3. HP: 24/34 MP: 3/3
  1440 | D:2      | Reached XP level 4. HP: 37/44 MP: 4/4
  1657 | D:3      | Noticed an ogre
  1668 | D:3      | Reached skill level 4 in Axes
  1672 | D:3      | Killed an ogre
  1672 | D:3      | Reached skill level 4 in Fighting
  1672 | D:3      | Reached XP level 5. HP: 11/51 MP: 5/5
  2117 | D:3      | Found a burning altar of Makhleb.
  2126 | D:3      | Became a worshipper of Makhleb the Destroyer
  2262 | D:3      | Reached skill level 5 in Axes
  2375 | D:3      | Reached XP level 6. HP: 25/58 MP: 5/5
  2464 | D:3      | Found a runed door.
  2635 | D:3      | Noticed Crazy Yiuf
  2645 | D:3      | Killed Crazy Yiuf
  2745 | D:4      | Reached skill level 5 in Fighting
  3163 | D:5      | Entered Level 5 of the Dungeon
  3217 | D:5      | Noticed a sky beast
  3236 | D:5      | Killed a sky beast
  3236 | D:5      | Reached skill level 6 in Axes
  3244 | D:5      | Reached XP level 7. HP: 31/67 MP: 6/6
  3264 | D:5      | Noticed Blork the orc
  3280 | D:5      | Killed Blork the orc
  3314 | D:5      | Noticed Jazqa's ghost (novice GrFi)
  3339 | D:5      | Killed Jazqa's ghost
  3339 | D:5      | Reached skill level 6 in Fighting
  3339 | D:5      | Reached skill level 7 in Axes
  3344 | D:5      | Reached * piety under Makhleb
  3633 | D:5      | Reached skill level 1 in Invocations
  3633 | D:5      | Reached XP level 8. HP: 38/78 MP: 5/7
  3644 | D:5      | Reached skill level 2 in Invocations
  3959 | D:6      | Reached skill level 8 in Axes
  3959 | D:6      | Reached skill level 3 in Invocations
  4154 | D:7      | Reached skill level 7 in Fighting
  4216 | D:7      | Noticed Menkaure
  4229 | D:7      | Killed Menkaure
  4260 | D:7      | Reached skill level 4 in Invocations
  4480 | D:7      | Reached skill level 5 in Invocations
  4761 | D:7      | Gained mutation: You passively map the area around you. [Deep Dwarf growth]
  4761 | D:7      | Reached XP level 9. HP: 58/86 MP: 6/8
  5147 | D:8      | Reached ** piety under Makhleb
  5147 | D:8      | Reached skill level 1 in Dodging
  5155 | D:8      | Reached skill level 9 in Axes
  5183 | D:8      | Reached skill level 4 in Armour
  5298 | D:8      | Reached skill level 2 in Dodging
  5298 | D:8      | Reached skill level 4 in Shields
  5298 | D:8      | Reached skill level 6 in Invocations
  5678 | D:8      | Reached skill level 8 in Fighting
  5906 | D:9      | Reached skill level 3 in Dodging
  5913 | D:9      | Reached *** piety under Makhleb
  6046 | D:9      | Reached skill level 5 in Armour
  6048 | D:9      | Reached skill level 5 in Shields
  6056 | D:9      | Reached XP level 10. HP: 60/96 MP: 10/10
  6165 | D:9      | Reached skill level 4 in Dodging
  6165 | D:9      | Reached skill level 7 in Invocations
  6398 | D:9      | Reached skill level 10 in Axes
  6424 | D:9      | Noticed a three-headed hydra
  6446 | D:9      | HP: 6/98 [three-headed hydra (9)]
  6449 | D:9      | Killed a three-headed hydra
  6449 | D:9      | Reached skill level 6 in Armour
  6449 | D:9      | Reached skill level 6 in Shields
  6449 | D:9      | Reached skill level 8 in Invocations
  6546 | D:9      | Found a staircase to the Lair.
  6704 | Lair:1   | Entered Level 1 of the Lair of Beasts
  6705 | Lair:1   | Noticed a spiny frog
  6715 | Lair:1   | Killed a spiny frog
  6736 | D:10     | Entered Level 10 of the Dungeon
  6820 | D:10     | Reached **** piety under Makhleb
  6985 | D:10     | Reached skill level 9 in Fighting
  7205 | D:10     | Reached XP level 11. HP: 45/106 MP: 12/12
  7300 | D:10     | HP: 4/106 [orc warrior/battleaxe (16)]
  7462 | D:10     | Reached skill level 9 in Invocations
  7814 | Lair:1   | Reached skill level 7 in Armour
  7945 | Lair:1   | Reached skill level 7 in Shields
  8384 | Lair:2   | Reached skill level 11 in Axes
  8404 | Lair:2   | Reached skill level 8 in Armour
  8404 | Lair:2   | Reached skill level 10 in Invocations
  8412 | Lair:2   | Reached ***** piety under Makhleb
  8639 | Lair:2   | Found a staircase to the Swamp.
  8990 | Lair:3   | Noticed an eight-headed hydra
  9006 | Lair:3   | Killed an eight-headed hydra
  9006 | Lair:3   | Reached skill level 10 in Fighting
  9006 | Lair:3   | Reached skill level 8 in Shields
  9006 | Lair:3   | Reached XP level 12. HP: 68/116 MP: 14/14
  9279 | Lair:3   | Noticed a six-headed hydra
  9299 | Lair:3   | Killed a six-headed hydra
  9439 | Lair:3   | Reached skill level 11 in Invocations
  9781 | Lair:4   | Reached skill level 9 in Armour
  9874 | Lair:4   | Found a hole to the Spider Nest.
 10435 | Lair:4   | Reached skill level 9 in Shields
 10436 | Lair:4   | Noticed Josephine
 10453 | Lair:4   | Killed Josephine
 10453 | Lair:4   | Reached skill level 12 in Axes
 11135 | Lair:5   | Reached skill level 1 in Evocations
 11248 | Lair:5   | Found a staircase to the Slime Pits.
 11437 | Lair:5   | Found a runed door.
 11610 | Lair:5   | Noticed a four-headed hydra
 11615 | Lair:5   | Killed a four-headed hydra
 11615 | Lair:5   | Reached skill level 12 in Invocations
 11615 | Lair:5   | Reached XP level 13. HP: 119/126 MP: 14/16
 11629 | Lair:5   | Reached skill level 10 in Armour
 11671 | Lair:6   | Entered Level 6 of the Lair of Beasts
 11684 | Lair:6   | Reached skill level 2 in Evocations
 12039 | Lair:6   | Reached skill level 3 in Evocations
 12063 | Lair:6   | Noticed Fingolfin's ghost (journeyman FoFi)
 12085 | Lair:6   | Killed Fingolfin's ghost
 12085 | Lair:6   | Reached skill level 11 in Fighting
 12232 | Lair:6   | Reached skill level 10 in Shields
 12558 | Lair:6   | Reached skill level 4 in Evocations
 12684 | Lair:6   | Noticed a fire dragon
 12692 | Lair:6   | HP: 10/127 [fire dragon/blast of flame (44)]
 12693 | Lair:6   | HP: 4/127 [fire dragon (6)]
 12695 | Lair:6   | Killed from afar by a fire dragon

Vanquished Creatures
  The ghost of Fingolfin the Archer, a journeyman FoFi of Okawaru (Lair:6)
  Josephine (Lair:4)
  6 hydras
  3 elephants (Lair:4)
  9 black mambas
  6 spiny frogs
  2 torpor snails
  The ghost of Jazqa the Skirmisher, a novice GrFi of the Shining One (D:5)
  2 rime drakes (Lair:6)
  4 komodo dragons
  A polar bear (Lair:6)
  A hornet (D:10)
  11 blink frogs
  8 dream sheep
  4 hippogriffs
  2 wyverns
  3 wraiths (Lair:4)
  33 yaks
  3 basilisks
  2 steam dragons (Lair:6)
  Menkaure (D:7)
  An acid dragon (Lair:6)
  6 insubstantial wisps (Lair:2)
  A soldier ant (D:10)
  11 water moccasins
  A swamp drake (Lair:6)
  7 porcupines
  5 sky beasts
  7 orc warriors
  3 phantoms
  3 black bears (D:9)
  An eye of draining (D:9)
  10 ogres
  13 wolves
  2 centaurs
  12 crocodiles
  Blork the orc (D:5)
  5 big kobolds
  9 bullfrogs
  2 wyvern skeletons
  4 scorpions
  4 killer bees (D:8)
  5 crimson imps
  A quasit (D:8)
  3 centaur zombies
  9 orc priests
  Crazy Yiuf (D:3)
  4 hounds
  2 jellies
  2 bullfrog skeletons
  2 centaur skeletons
  5 iguanas
  3 worker ants
  12 orc wizards
  2 worker ant zombies
  8 adders
  2 shadow imps
  An adder skeleton (D:5)
  An adder zombie (D:8)
  7 worms
  A dart slug (D:1)
  4 leopard geckos
  40 orcs
  7 bats
  2 giant cockroaches
  11 goblins
  5 hobgoblins
  10 jackals
  3 quokkas
  4 frilled lizards
  10 kobolds
  A quokka zombie (D:10)
  15 rats
  2 fungi
397 creatures vanquished.

Vanquished Creatures (collateral kills)
  A komodo dragon (Lair:2)
  A blink frog (Lair:2)
  A hippogriff (Lair:2)
  A wolf (Lair:2)
4 creatures vanquished.

Vanquished Creatures (others)
  A blink frog (Lair:2)
  A swamp drake (Lair:6)
  2 wolves (Lair:2)
  A crocodile (Lair:2)
  8 fungi
  2 plants (Lair:6)
15 creatures vanquished.

Grand Total: 416 creatures vanquished
